Map: Oxide LE

Players

MarcoMan - Winner!

  • Race: Protoss Protoss
  • League: Master
  • Spawn Location: 1:00

dadahaha

  • Race: Zerg Zerg
  • Spawn Location: 7:00

VOD

Have the link to the VOD?

Description

Time

  • Played on: Jan. 15, 2021, 8:13 p.m.
  • Length: 19:12
Show
View Real Time Build Order
Export as new Build Order

MarcoMan Protoss - Winner!

Build Orders: Oracle Opening, Carriers 

Get SALT Encoding   

  12  0:01  Probe  
  13  0:13  Probe  
  14  0:19  Pylon  
  14  0:25  Probe (Chrono Boost)  
  15  0:38  Probe (Chrono Boost)  
  15  0:41  Gateway  
  16  0:45  Probe (Chrono Boost)  
  16  0:49  Assimilator  
  17  0:52  Probe  
  18  1:07  Forge  
  18  1:08  Probe  
  19  1:22  Pylon  
  20  1:26  Zealot (Chrono Boost)  
  21  1:33  Cybernetics Core  
  21  1:44  Photon Cannon  
  21  1:52  Pylon  
  21  2:12  Photon Cannon  
  21  2:23  Gateway  
  21  2:25  Photon Cannon  
  21  2:32  Adept  
  23  2:39  Pylon  
  22  2:51  Probe  
  22  2:52  Nexus  
  23  3:02  Stargate  
  23  3:11  Assimilator, Probe  
  24  3:17  Adept  
  26  3:23  Probe  
  27  3:35  Probe  
  28  3:44  Pylon  
  28  3:47  Probe  
  29  3:59  Oracle (Chrono Boost)  
  29  4:00  Probe (Chrono Boost)  
  33  4:04  Probe (Chrono Boost)  
  34  4:12  Probe (Chrono Boost)  
  34  4:14  Probe (Chrono Boost)  
  36  4:17  Probe (Chrono Boost)  
  36  4:18  Warp Gate (Chrono Boost)  
  36  4:19  Probe (Chrono Boost)  
  36  4:23  Adept  
  40  4:26  Probe  
  40  4:27  Void Ray  
  40  4:31  Probe  
  42  4:38  Probe  
  47  4:43  Probe  
  48  4:50  Probe  
  49  4:55  Probe  
  50  5:00  Nexus  
  50  5:02  Probe  
  50  5:05  Pylon  
  51  5:11  Probe  
  51  5:14  Probe  
  51  5:20  Assimilator  
  52  5:22  Assimilator  
  52  5:23  Probe  
  52  5:25  Pylon  
  52  5:26  Probe  
  54  5:30  Shield Battery, Void Ray  
  54  5:33  Photon Cannon  
  54  5:35  Probe  
  55  5:40  Probe  
  60  5:47  Twilight Council, Probe  
  61  5:52  Probe  
  61  5:54  Stargate  
  62  5:59  Probe  
  63  6:04  Probe  
  63  6:07  Void Ray  
  64  6:11  Probe  
  64  6:14  Pylon  
  64  6:17  Probe  
  70  6:21  Probe  
  70  6:23  Pylon, Probe  
  72  6:29  Probe  
  72  6:30  Assimilator  
  73  6:33  Assimilator  
  73  6:34  Protoss Air Weapons Level 1  
  73  6:36  Templar Archives  
  73  6:40  Probe x2  
  73  6:41  Probe  
  76  6:52  Probe  
  76  6:53  Psionic Storm  
  78  6:54  Probe x2  
  79  7:04  Probe  
  79  7:06  Probe x2  
  82  7:09  Gateway  
  82  7:10  Gateway  
  82  7:11  Photon Cannon  
  82  7:16  Probe  
  82  7:18  Probe x2  
  85  7:24  Void Ray x2  
  85  7:26  Shield Battery  
  85  7:28  Probe  
  86  7:34  Probe x2  
  96  7:38  Sentry, Pylon  
  96  7:40  Probe  
  99  7:47  Gateway, Pylon  
  99  8:05  High Templar x2  
  103  8:10  Gateway  
  103  8:11  Photon Cannon  
  103  8:18  Photon Cannon  
  103  8:20  Shield Battery, High Templar  
  105  8:28  Pylon  
  105  8:39  Fleet Beacon  
  105  8:42  High Templar  
  107  8:48  Void Ray (Chrono Boost)  
  107  8:49  Void Ray (Chrono Boost)  
  107  8:54  Photon Cannon  
  115  8:57  Pylon  
  115  8:58  Photon Cannon  
  115  8:59  Fleet Beacon  
  115  9:07  Pylon  
  115  9:09  Pylon  
  115  9:11  Pylon  
  115  9:27  Carrier x2 (Chrono Boost)  
  115  9:29  Gateway  
  127  9:43  High Templar  
  129  9:49  Protoss Air Weapons Level 2 (Chrono Boost)  
  129  10:00  Protoss Shields Level 1  
  129  10:01  Stargate  
  129  10:15  Pylon  
  129  10:18  Pylon, Carrier (Chrono Boost)  
  135  10:24  Nexus  
  135  10:27  Zealot x2, Pylon  
  135  10:28  Zealot x2, Pylon  
  143  10:35  Assimilator  
  143  10:37  Assimilator, Carrier (Chrono Boost)  
  143  10:41  Photon Cannon  
  149  10:43  Photon Cannon  
  149  10:45  Shield Battery  
  149  10:46  Shield Battery  
  149  10:47  Shield Battery  
  149  10:49  Photon Cannon  
  149  10:50  Pylon  
  149  10:52  Photon Cannon  
  149  10:54  Photon Cannon  
  149  10:55  Shield Battery  
  149  11:07  Carrier (Chrono Boost)  
  155  11:12  Carrier (Chrono Boost)  
  161  11:31  Carrier (Chrono Boost)  
  161  11:39  Photon Cannon  
  167  11:40  Photon Cannon, Robotics Facility  
  167  11:43  Photon Cannon  
  167  11:44  Shield Battery  
  167  11:53  Nexus  
  167  12:03  Oracle  
  167  12:07  Gateway  
  170  12:09  Carrier  
  170  12:13  Protoss Shields Level 2  
  176  12:29  Gateway  
  176  12:31  Probe x3  
  179  12:41  Protoss Air Weapons Level 3 (Chrono Boost)  
  179  12:43  Probe  
  175  12:44  Carrier  
  181  13:03  Probe x3  
  176  13:18  Carrier  
  176  13:19  Observer (Chrono Boost)  
  183  13:25  Probe x3  
  183  13:26  Probe  
  187  13:31  Pylon  
  187  13:32  Observer (Chrono Boost)  
  187  13:33  Pylon  
  188  13:34  Pylon  
  188  13:51  Carrier (Chrono Boost)  
  194  13:57  Pylon  
  194  13:59  Pylon  
  194  14:01  Probe x4  
  180  14:09  Carrier (Chrono Boost)  
  178  14:13  Probe  
  185  14:19  Carrier (Chrono Boost)  
  169  14:45  Photon Cannon  
  169  14:46  Photon Cannon  
  169  14:48  Photon Cannon  
  169  14:49  Shield Battery  
  169  14:50  Probe  
  170  14:52  Carrier (Chrono Boost)  
  170  14:59  Zealot  
  178  15:01  High Templar  
  178  15:02  High Templar  
  178  15:06  Archon  
  158  15:38  High Templar  
  158  15:39  High Templar x4  
  168  15:44  Nexus  
  168  15:46  Archon  
  168  15:47  Archon x2  
  168  15:51  Probe  
  168  15:52  Probe  
  170  16:07  Void Ray  
  170  16:16  Probe x2  
  176  16:27  High Templar x4  
  184  16:34  Probe  
  184  16:35  Probe x2  
  187  16:45  Shield Battery  
  187  16:47  Shield Battery  
  187  17:04  Protoss Air Armor Level 1  
  187  17:11  Void Ray x3 (Chrono Boost)  
  199  17:29  Flux Vanes  
  199  17:41  Nexus  
  199  17:42  Pylon  
  199  17:47  Pylon  
  197  17:51  Assimilator  
  197  17:57  Photon Cannon  
  195  17:58  Shield Battery  
  195  18:00  Shield Battery  
  195  18:02  Pylon  
  195  18:12  Probe x2  
  197  18:13  Probe x2  
  198  18:32  Photon Cannon  
  198  18:33  Photon Cannon  
  193  18:35  Photon Cannon  
  193  18:36  Shield Battery  
  193  18:38  Shield Battery  
  193  18:40  Shield Battery  
Show
View Real Time Build Order
Export as new Build Order

dadahaha Zerg 

Build Orders: Pool First, Lurkers 

Get SALT Encoding   

  12  0:18  Spawning Pool  
  11  0:22  Drone  
  11  0:25  Drone  
  13  0:30  Drone  
  14  0:41  Overlord  
  14  1:05  Zergling x6  
  17  1:17  Drone  
  18  1:30  Drone  
  18  1:32  Hatchery  
  18  1:43  Drone  
  19  1:54  Hatchery  
  19  1:56  Drone  
  19  2:00  Drone  
  21  2:15  Zergling x2  
  21  2:23  Extractor, Queen  
  22  2:43  Zergling x2  
  22  2:44  Zergling x2  
  23  2:45  Drone x2  
  24  2:52  Queen  
  24  2:55  Drone  
  27  3:00  Overlord  
  27  3:17  Drone x5  
  27  3:18  Drone  
  34  3:27  Drone  
  34  3:28  Queen  
  34  3:30  Drone x2  
  38  3:41  Drone x2  
  38  3:43  Metabolic Boost  
  38  3:45  Drone x2  
  42  3:48  Overlord  
  42  4:00  Overlord  
  42  4:08  Drone  
  42  4:09  Drone x4  
  47  4:12  Drone  
  47  4:13  Drone x2  
  50  4:21  Spore Crawler x2  
  50  4:23  Spore Crawler, Drone  
  50  4:24  Drone x2  
  50  4:27  Queen  
  52  4:37  Drone x6  
  58  4:42  Pneumatized Carapace  
  58  4:43  Extractor  
  58  4:44  Extractor, Drone  
  57  4:49  Drone  
  57  4:57  Drone x2  
  57  4:59  Overlord  
  58  5:14  Overlord  
  57  5:15  Roach Warren  
  57  5:16  Hatchery  
  55  5:23  Overlord  
  55  5:24  Zergling x6  
  55  5:25  Zergling x14  
  55  5:27  Overlord  
  65  5:33  Lair, Drone  
  66  5:37  Drone x2  
  68  5:51  Overlord  
  68  5:56  Overlord  
  68  5:57  Drone  
  68  5:58  Drone x6  
  68  6:00  Drone  
  68  6:01  Drone x2  
  78  6:04  Queen  
  78  6:08  Drone x2  
  78  6:09  Spore Crawler  
  81  6:11  Spore Crawler  
  81  6:16  Burrow  
  80  6:20  Drone  
  80  6:21  Spore Crawler, Drone x4  
  80  6:25  Overlord  
  84  6:29  Spore Crawler  
  83  6:43  Drone x2  
  85  6:55  Overlord  
  85  7:00  Drone  
  85  7:01  Drone x3  
  89  7:02  Extractor  
  89  7:03  Extractor  
  89  7:06  Drone x10  
  89  7:07  Hydralisk Den, Extractor  
  95  7:09  Extractor  
  95  7:10  Hydralisk Den, Extractor  
  95  7:11  Drone  
  95  7:14  Evolution Chamber  
  95  7:15  Drone x2, Evolution Chamber  
  94  7:18  Evolution Chamber  
  94  7:19  Drone x3  
  92  7:31  Spore Crawler  
  92  7:32  Overlord  
  92  7:35  Overlord  
  91  7:41  Overlord  
  91  7:42  Zerg Ground Armor Level 1, Zerg Missile Weapons Level 1  
  91  7:43  Overlord  
  91  7:47  Hydralisk x2  
  91  7:48  Hydralisk x10  
  91  7:50  Muscular Augments  
  114  7:51  Hydralisk  
  116  7:59  Overlord  
  116  8:00  Drone x2  
  118  8:10  Drone x2  
  120  8:12  Hydralisk  
  120  8:13  Hydralisk x4  
  120  8:16  Overlord  
  130  8:22  Hatchery  
  129  8:35  Overlord, Lurker Den  
  128  8:49  Overlord  
  128  8:50  Overlord  
  128  8:52  Drone x4  
  128  8:54  Overlord  
  132  8:57  Infestation Pit  
  132  8:59  Zerg Melee Weapons Level 1  
  132  9:00  Baneling Nest  
  132  9:01  Hydralisk x7  
  143  9:03  Zergling x14  
  150  9:20  Overlord  
  150  9:23  Overseer x2  
  150  9:28  Hydralisk  
  150  9:29  Hydralisk x8  
  150  9:31  Overlord x2  
  168  9:45  Overlord  
  168  9:47  Hive  
  168  9:50  Lurker x3  
  171  9:54  Lurker  
  171  9:58  Overlord  
  172  10:04  Drone x5  
  177  10:17  Lurker  
  177  10:18  Lurker x4  
  177  10:19  Spine Crawler, Extractor  
  177  10:20  Extractor  
  179  10:22  Overlord  
  179  10:31  Centrifical Hooks  
  179  10:42  Spire  
  178  10:45  Hydralisk, Lurker x2  
  178  10:47  Zergling x36  
  195  11:05  Viper  
  198  11:11  Zergling x4  
  190  11:24  Overlord  
  187  11:32  Drone x5  
  192  11:33  Drone x4  
  192  11:34  Drone  
  197  11:41  Zerg Missile Weapons Level 2, Zerg Melee Weapons Level 2, Zerg Ground Armor Level 2  
  197  11:42  Spore Crawler x3, Ultralisk Cavern, Adrenal Glands  
  197  11:43  Spore Crawler x2, Hatchery  
  197  11:44  Spore Crawler  
  197  11:45  Spore Crawler x2  
  187  11:47  Spore Crawler, Baneling x2  
  187  11:48  Baneling  
  187  11:53  Corruptor x5  
  196  12:11  Baneling x12  
  196  12:13  Corruptor x2  
  200  12:30  Spore Crawler  
  200  12:31  Extractor x2, Spore Crawler x2  
  200  12:34  Spore Crawler x2  
  200  12:35  Spore Crawler  
  166  12:45  Hydralisk x7  
  166  12:46  Corruptor  
  166  12:47  Corruptor x4  
  190  12:52  Zerg Flyer Armor Level 1  
  184  13:06  Ultralisk  
  184  13:08  Chitinous Plating  
  184  13:10  Adaptive Talons  
  190  13:18  Drone x2  
  190  13:19  Drone  
  193  13:21  Drone x6  
  199  13:30  Spine Crawler  
  199  13:32  Spine Crawler  
  199  13:33  Spine Crawler x2  
  195  13:34  Spine Crawler  
  195  13:36  Baneling x18  
  194  13:46  Hydralisk  
  194  13:47  Hydralisk x2  
  192  14:06  Ultralisk  
  192  14:07  Corruptor x2  
  187  14:19  Hydralisk x6  
  185  14:28  Viper x2  
  174  14:32  Corruptor  
  174  14:33  Corruptor  
  171  14:44  Viper  
  174  14:47  Drone x2  
  176  14:53  Spore Crawler  
  176  14:54  Spore Crawler  
  176  14:55  Spore Crawler  
  176  14:56  Spore Crawler x2  
  171  15:04  Viper x2  
  176  15:11  Spore Crawler x2  
  176  15:12  Spore Crawler  
  173  15:14  Corruptor x2  
  169  15:26  Corruptor x2  
  147  15:33  Hydralisk x4  
  141  15:42  Drone x7  
  143  15:59  Spore Crawler  
  143  16:00  Spore Crawler  
  143  16:01  Drone x4  
  145  16:04  Corruptor x3  
  151  16:14  Zerg Missile Weapons Level 3  
  151  16:17  Corruptor  
  151  16:18  Corruptor  
  155  16:33  Zergling x2  
  155  16:34  Zergling x16  
  155  16:37  Hydralisk x3  
  170  16:42  Spore Crawler  
  170  16:43  Spore Crawler  
  168  16:47  Zerg Flyer Armor Level 2  
  168  17:01  Hydralisk x4  
  176  17:09  Spore Crawler  
  176  17:10  Spore Crawler  
  153  17:19  Hydralisk  
  153  17:20  Hydralisk x5  
  146  17:27  Baneling x18  
  146  17:37  Drone x3  
  146  17:38  Drone  
  146  17:41  Spore Crawler  
  146  17:43  Drone x2  
  151  17:44  Drone  
  151  17:46  Spore Crawler  
  142  18:03  Ultralisk x2  
  154  18:14  Corruptor  
  154  18:15  Corruptor x2  
  160  18:21  Spore Crawler  
  160  18:23  Spore Crawler  
Tags
 
Composition
CarriersLurkers
League
Master
Matchup
PvZ
Replay Pack
Weekend
Spawn Locations
Cross Positions
Add a new tag
Caveats
  • Supply blocks, unpowered buildings, or Contaminate may cause inaccurate times.
  • Supply counts are checked every 10 seconds.